 Dungeon Crawl Stone Soup version 0.17-a0-1020-ge683cc4 (webtiles) character file.

1619 Jine the Covered (level 9, -10/68 HPs)
             Began as a Human Fighter on May 18, 2015.
             Was an Initiate of Makhleb.
             Mangled by an orc warrior
             ... wielding a +0 trident
              (12 damage)
             ... on level 6 of the Dungeon.
             The game lasted 00:29:56 (9441 turns).

Jine the Covered (Human Fighter)                    Turns: 9441, Time: 00:29:56

Health: -10/68     AC: 14    Str: 20    XL:     9   Next: 17%
Magic:  9/9        EV: 10    Int: 13    God:    Makhleb [......]
Gold:   302        SH: 10    Dex: 12    Spells: 0 memorised, 8 levels left

rFire  . . .     SeeInvis .     f - +2 whip (holy)
rCold  . . .     Clarity  .     r - +4 scale mail {MR+}
rNeg   . . .     SustAb   .     c - +0 shield
rPois  .         Gourm    .     j - +2 helmet
rElec  .         Spirit   .     (no cloak)
rCorr  .         Warding  .     (no gloves)
rMut   .         Stasis   .     (no boots)
MR     +....                    (no amulet)
Stlth  +.........               y - +4 ring of intelligence
                                o - ring of stealth

@: somewhat resistant to hostile enchantments, very unstealthy
A: no striking features
a: Renounce Religion


You were on level 6 of the Dungeon.
You worshipped Makhleb.
Makhleb was noncommittal.
You were not hungry.

You visited 1 branch of the dungeon, and saw 7 of its levels.

You collected 302 gold pieces.

Inventory:

Hand weapons
 a - a +0 flail
 f - a +2 whip of holy wrath (weapon)
Armour
 b - a +0 scale mail
 c - a +0 shield (worn)
 i - a +0 robe
 j - a +2 helmet (worn)
 p - a +2 robe of magic resistance
 r - a +4 scale mail of magic resistance (worn)
 t - a +0 helmet
Jewellery
 o - a ring of stealth (left hand)
 y - a +4 ring of intelligence (right hand)
Magical devices
 h - a wand of confusion (21)
 n - a wand of disintegration (7)
 s - a wand of polymorph (9)
Scrolls
 l - 3 scrolls of remove curse
 x - a scroll of identify
Potions
 e - 2 potions of brilliance
 g - 2 potions of heal wounds {unknown}
 q - a potion of beneficial mutation {unknown}
 v - a potion of flight
 w - a potion of magic
Books
 d - a book of Maledictions

   Spells                             Type                      Level
   a - Corona                         Hexes                        1
   b - Ensorcelled Hibernation        Hexes/Ice                    2
   c - Confuse                        Hexes                        3
   d - Tukima's Dance                 Hexes                        3
   e - Dazzling Spray                 Conjuration/Hexes            3
Comestibles
 k - 2 bread rations
 m - a slice of pizza
 u - 2 beef jerkies


   Skills:
 + Level 5.1 Fighting
 * Level 5.3 Maces & Flails
 + Level 5.9 Armour
 + Level 4.9 Dodging
 - Level 1.5 Stealth
 + Level 5.5 Shields


You had 8 spell levels left.
You didn't know any spells.

Dungeon Overview and Level Annotations

Branches:
Dungeon (7/15)             Temple (0/1) D:6

Altars:
Ashenzari
Gozag
Makhleb
Nemelex Xobeh
Sif Muna
Trog
Xom


Message History

* * * LOW HITPOINT WARNING * * *
You hit the orc warrior but do no damage.
The orc warrior is moderately wounded.
You block the worker ant's attack.
You closely miss the orc warrior.
The orc warrior is moderately wounded.
The orc warrior barely misses you. The worker ant barely misses you.
You closely miss the orc warrior.
The orc warrior is moderately wounded.
The worker ant bites you but does no damage.
The orc warrior hits you with a trident!
* * * LOW HITPOINT WARNING * * *
You hit the orc warrior.
The orc warrior is heavily wounded.
The worker ant closely misses you. The orc warrior barely misses you.
The worker ant bites you but does no damage.
You closely miss the orc warrior.
The orc warrior is heavily wounded.
The orc warrior hits you with a trident!
You die...

#........###### ###....#####.###
#......##.....# ##..######.# #
#......##.....# #..##...##.# #
#......##.....# #.##.....### #
##....###.....# ##.#.......####
##..## #.....# ##..#.†._.......
##.## #.....####..##.......####
####..###.....#.o....##.....##...
................@a....##...##.###
#####.###.......[......######.###
#.# #.......#.........# #...#
#####.# #####..##.......<.# ###..
...##.# ##....###........# ##.
##....####..##.###........# #.
####......###..####...#### #.
##.##.### ##.# ##.....# #.
#..##..## #.### #.###.# ##


You could see an orc warrior and a worker ant.

Vanquished Creatures
  Grinder (D:4)
  A sky beast (D:5)
  3 ogres
  A giant frog (D:5)
  2 killer bees (D:6)
  A scorpion (D:6)
  2 crimson imps
  A centaur skeleton (D:4)
  Jessica (D:3)
  A giant frog skeleton (D:6)
  4 orc priests
  2 iguanas
  5 orc wizards
  4 worker ants
  A hound zombie (D:5)
  11 adders
  A shadow imp (D:5)
  2 oozes (D:1)
  An adder skeleton (D:4)
  4 worms
  8 giant geckos
  26 orcs
  5 giant cockroaches
  18 hobgoblins
  A quokka (D:5)
  5 ball pythons
  20 bats
  4 giant newts
  5 goblins
  9 jackals
  A jackal skeleton (D:4)
  16 kobolds
  A quokka skeleton (D:4)
  47 rats
  A bush (D:4)
216 creatures vanquished.

Vanquished Creatures (others)
  2 plants (D:3)
2 creatures vanquished.

Grand Total: 218 creatures vanquished

Notes
Turn   | Place    | Note
--------------------------------------------------------------
     0 | D:1      | Jine the Human Fighter began the quest for the Orb.
     0 | D:1      | Reached XP level 1. HP: 18/18 MP: 1/1
    80 | D:1      | Reached XP level 2. HP: 24/24 MP: 2/2
   203 | D:1      | Reached XP level 3. HP: 14/29 MP: 3/3
   727 | D:1      | You fall through a shaft!
  1331 | D:2      | Reached skill level 1 in Dodging
  1331 | D:2      | Reached XP level 4. HP: 32/35 MP: 4/4
  2068 | D:2      | Reached XP level 5. HP: 26/41 MP: 5/5
  2396 | D:3      | Noticed an ogre
  2574 | D:3      | Noticed Jessica
  2602 | D:3      | Killed Jessica
  2602 | D:3      | Reached skill level 4 in Armour
  2730 | D:3      | Killed an ogre
  2730 | D:3      | Reached XP level 6. HP: 11/48 MP: 6/6
  3596 | D:3      | Reached XP level 7. HP: 41/54 MP: 7/7
  3997 | D:4      | Noticed Grinder
  4810 | D:4      | Killed Grinder
  4810 | D:4      | Reached skill level 1 in Stealth
  5200 | D:4      | Found a sparkling altar of Nemelex Xobeh.
  5200 | D:4      | Found an opulent altar of Gozag.
  5217 | D:4      | Found a deep blue altar of Sif Muna.
  5505 | D:4      | Reached skill level 5 in Armour
  5531 | D:4      | Reached XP level 8. HP: 27/61 MP: 8/8
  5820 | D:4      | Found a bloodstained altar of Trog.
  7301 | D:5      | Entered Level 5 of the Dungeon
  7570 | D:5      | Reached skill level 5 in Shields
  7666 | D:5      | Found a shattered altar of Ashenzari.
  8319 | D:6      | Reached skill level 5 in Maces & Flails
  8392 | D:6      | Reached XP level 9. HP: 52/67 MP: 9/9
  8618 | D:6      | Reached skill level 5 in Fighting
  8983 | D:6      | Found a staircase to the Ecumenical Temple.
  9016 | D:6      | Found a burning altar of Makhleb.
  9108 | D:6      | Became a worshipper of Makhleb the Destroyer
  9194 | D:6      | Found a shimmering altar of Xom.
  9439 | D:6      | HP: 2/68 [orc warrior/trident (8)]
  9441 | D:6      | Mangled by an orc warrior

Vault maps used:
D:1:      arrival_zaba_pyramid, kennysheep_another_room
D:2:      first_bread, minmay_rats_cheesy_pizza
D:3:      serial_bayou_lagoon_a, uniq_jessica
D:4:      gammafunk_temple_overflow_forgotten, bloody_trog, uniq_grinder
D:5:      lemuel_round_altar
D:6:      makhleb_grotto_becter, lemuel_round_altar
D:7:      uniq_joseph

Action                   |  1- 3 |  4- 6 |  7- 9 || total
-------------------------+-------+-------+-------++-------
Melee: Flail             |   129 |   356 |   177 ||   662
       Whip              |       |       |   523 ||   523
  Use: Potion            |       |     1 |     3 ||     4
       Scroll            |       |       |    14 ||    14
  Eat: Bread ration      |     1 |     2 |     2 ||     5
       Meat ration       |       |       |     2 ||     2
